 Seeded DCSS version 0.30-a0-1160-g6e42c06551 (webtiles) character file.

Game seed: 1 (custom seed)

16 BigDaddyOpFi the Covered (level 2, 26/26 HPs)
             Began as an Armataur Fighter on Apr 25, 2023.
             Got out of the dungeon alive.
             The game lasted 00:00:27 (532 turns).

BigDaddyOpFi the Covered (Armataur Fighter)          Turns: 532, Time: 00:00:27

Health: 26/26      AC:  7    Str: 21    XL:     2   Next: 37%
Magic:  2/2        EV:  7    Int:  8    God:
Gold:   47         SH:  4    Dex:  9    Spells: 1/1 levels left

rFire   . . .        a - +0 war axe
rCold   . . .        c - +0 buckler
rNeg    . . .        b - +0 scale mail
rPois   .            (no helmet)
rElec   .            (no cloak)
rCorr   .            (no gloves)
SInv    .            (no barding)
Will    .....        (no amulet) Stlth
                     (no ring)
HPRegen 0.24/turn    (no ring)
MPRegen 0.08/turn

%: roll
@: no status effects
A: large, rugged brown scales 3, deformed body, armoured tail, roll, long
tongue, awkward tongue
a: no special abilities


You escaped.
You visited 1 branch of the dungeon, and saw 1 of its levels.

You collected 47 gold pieces.

Inventory:

Hand Weapons
 a - a +0 war axe (weapon)
Armour
 b - a +0 scale mail (worn)
 c - a +0 buckler (worn)
Scrolls
 e - a scroll of silence {unknown}
 f - a scroll of magic mapping {unknown}
 g - a scroll of vulnerability {unknown}
Potions
 d - a potion of might
 h - a potion of degeneration {unknown}
 i - a potion of ambrosia {unknown}


   Skills:
 + Level 2.9 Fighting
 + Level 1.8 Axes
 + Level 3.9 Armour
 + Level 3.5 Shields


You had one spell level left.
You didn't know any spells.
Your spell library was empty.

Dungeon Overview and Level Annotations

Branches:
Dungeon (1/15)

Altars:


Innate Abilities, Weirdness & Mutations

You are completely covered in rugged brown scales. (AC +3, +7% HP)
Armour fits poorly on your strangely shaped body.
You have a long armoured tail.
You roll when moving toward enemies. (Rampage)
Your long tongue fully drains potion bottles. (2x potion effects)
Your tongue gives you trouble enunciating. (1.5x scroll delay)


Message History

The quokka bites you but does no damage.
A quokka is nearby!
You barely miss the quokka.
The quokka bites you but does no damage.
A quokka is nearby!
You barely miss the quokka. You block the quokka's attack.
The quokka completely misses you.
You barely miss the quokka. The quokka bites you.
The quokka bites you but does no damage.
A quokka is nearby!
You slash the quokka!
You kill the quokka!
You now have 47 gold pieces (gained 10).
You see here a quokka corpse.
An endoplasm comes into view.
The endoplasm quivers.
The endoplasm moves out of view.
No target in view!
Found 3 poisoned darts.
Unknown command.
You roll towards the endoplasm!
You barely miss the endoplasm.
Your tail-slap misses the endoplasm.
The endoplasm hits you. The endoplasm barely misses you.
You hit the endoplasm.
You kill the endoplasm!
No target in view!
No target in view!
No target in view!
No target in view!
No target in view!
No target in view!
You see here a quokka corpse.
You see here a +0 ring mail.
You see here a +0 dagger.
You see here a hobgoblin skeleton.
You open the door.
There is an open door here.
There is a staircase leading out of the dungeon here.
Are you sure you want to leave the Dungeon?
This will make you lose the game!
You have escaped!

#.##...# ### ####.........
#.##.### ######## #.....>...
#...######....(.#### ##........
#..####............## #........
#..# #......####....###........
#..###....#######....##........
#..##....##.....##...###......#
###..#....###..##.###..###......#
.....#....##..##@.###..##.......#
####.#....##...###'#..###......##
.#####....###...###...##.......#
.....##....##........###......##
.######.....###....####.......#
.# ##.....########...)....## .#
##......####.........## .#
##.................## .#
###.............###


There were no monsters in sight!

Vanquished Creatures
  3 endoplasms (D:1)
  2 goblins (D:1)
  2 hobgoblins (D:1)
  2 quokkas (D:1)
  A ball python (D:1)
  A bat (D:1)
  3 rats (D:1)
14 creatures vanquished.

Notes
Turn   | Place    | Note
-------+----------+-------------------------------------------
     0 | D:1      | BigDaddyOpFi the Armataur Fighter began the quest for the
                  | Orb.
     0 | D:1      | Reached XP level 1. HP: 19/19 MP: 1/1
   115 | D:1      | Found a faded altar of an unknown god.
   206 | D:1      | Reached XP level 2. HP: 25/26 MP: 2/2
   532 | D:$      | Got out of the dungeon alive.

Illustrated notes

Levels and vault maps discovered:
D:1:      dpeg_arrival_snail, layout_loops_ring, nicolae_ecumenical_lake_church,
          amethyst_killhole

Action                     || total
---------------------------++-------
  Melee: War axe           ||    37
         Tailslap          ||     4
 Armour: Scale mail        ||    22
  Dodge: Dodged            ||    11
  Block: Buckler           ||     5

Table legend: (Time is in decaauts)
 A = Elapsed time spent in this place.
 B = Non-inter-level travel time spent in this place.
 C = Inter-level travel time spent in this place.
 D = Time resting spent in this place.
 E = Time spent auto-exploring this place.
 F = Levels seen in this place.
 G = Mean time per level.
                   A        B        C        D        E       F      G
               +--------+--------+--------+--------+--------+-----+--------+
         Total |    548 |    407 |    141 |      0 |    318 |   1 |  548.0 |
       Dungeon |    548 |    407 |    141 |      0 |    318 |   1 |  548.0 |
               +--------+--------+--------+--------+--------+-----+--------+

Top non-repeatable levels by time:
     D:1: 548 daAuts
